AoeStats
← All Conquistadors Are BSTRD

Arabian Desert

510519469Analyzed
1v1 RM · 2d ago on Oct 1, 2026· 47m 31s· 2 players
Game mode
Random Map
Map size
Tiny (2 player)
Population
200
Speed
Normal
Resources
Standard
Victory
Conquest
Starting age
Dark Age
Ending age
Imperial Age
RankedLock teamsTeams togetherTeam positionsShared explorationLock speedFull tech treeHidden civsTurbo modeCheats
Victory
Defeat
1298
+17
🇹🇼 Mongols · Taiwan
1329
-17
All Conquistadors Are BSTRD
6:20 Loom
9:05 Feudal Age
9:07 Man-at-Arms
12:01 Double-Bit Axe
14:40 Horse Collar
18:10 Scale Barding Armor
20:18 Forging
25:38 Wheelbarrow
28:38 Castle Age
26:45 Gold Mining
28:16 Bloodlines
28:48 Town Watch
29:53 Chain Barding Armor
30:09 Iron Casting
29:37 Husbandry
30:50 Hand Cart
36:43 Town Patrol
42:53 Imperial Age
41:36 Masonry
41:28 Fletching
43:04 Cavalier
44:21 Plate Barding Armor
44:09 Conscription
45:18 Ballistics
45:03 Padded Archer Armor
44:58 Bodkin Arrow
46:30 Farimba
46:01 Elite Skirmisher
dguanying
5:08 Loom
8:09 Feudal Age
22:28 Castle Age
21:33 Bloodlines
21:48 Scale Barding Armor
22:49 Fletching
24:26 Bodkin Arrow
25:41 Gold Mining
28:52 Husbandry
30:03 Chain Barding Armor
31:33 Padded Archer Armor
35:03 Wheelbarrow
38:48 Imperial Age
37:25 Leather Archer Armor
37:12 Stone Mining
38:06 Double-Bit Axe
37:56 Light Cavalry
38:48 Forging
39:52 Bracer
41:46 Ballistics
42:55 Gold Shaft Mining
43:54 Horse Collar
45:18 Parthian Tactics
45:33 Conscription
45:11 Town Watch
Connection lost

Rejoining the realm…

Still unreachable

The connection could not be restored.

Session expired

The server has moved on; the page needs a fresh start.